 Dungeon Crawl Stone Soup version 0.30-a0-1122-g620db56ad9 (webtiles) character file.

Game seed: 10150632407776898022

1589 Bnni the Cutter (level 8, -8/44 HPs)
             Began as a Vine Stalker Fighter on Apr 22, 2023.
             Was an Elder of Uskayaw.
             Mangled by an ogre
             ... wielding a +0 giant club
              (22 damage)
             ... on level 6 of the Dungeon.
             The game lasted 00:11:02 (4855 turns).

Bnni the Cutter (Vine Stalker Fighter)              Turns: 4855, Time: 00:11:03

Health: -8/44      AC: 11    Str: 18    XL:     8   Next: 92%
Magic:  0/10       EV:  7    Int: 14    God:    Uskayaw [****..]
Gold:   260        SH:  5    Dex: 17    Spells: 7/7 levels left

rFire   . . .        h - +0 dagger
rCold   . . .        c - +0 buckler
rNeg    . . .        j - +0 chain mail
rPois   .            d - +0 helmet
rElec   .            (no cloak)
rCorr   .            (no gloves)
SInv    .            x - +0 pair of boots
Will    +....        b - amulet of faith Stlth
                     r - +6 ring of intelligence
HPRegen 1.07/turn    (no ring)
MPRegen 0.12/turn

%: guardian spirit, faith
@: no status effects
A: fangs 3, regeneration 1, magic shield, antimagic bite, no potion heal 2
a: Renounce Religion, Stomp, Line Pass


You were on level 6 of the Dungeon.
You worshipped Uskayaw.
Uskayaw was noncommittal.
You visited 2 branches of the dungeon, and saw 7 of its levels.

You collected 260 gold pieces.

Inventory:

Hand Weapons
 a - a +0 rapier
 h - a +0 dagger (weapon)
Missiles
 n - 10 poisoned darts (quivered)
Armour
 c - a +0 buckler (worn)
 d - a +0 helmet (worn)
 j - a +0 chain mail (worn)
 u - a +0 kite shield
 x - a +0 pair of boots (worn)
Jewellery
 b - an amulet of faith (around neck)
 p - a ring of fire
 r - a +6 ring of intelligence (left hand)
Wands
 v - a wand of mindburst (12)
 E - a wand of polymorph (1)
Scrolls
 e - a scroll of vulnerability {unknown}
 f - 6 scrolls of teleportation
 g - 3 scrolls of noise {unknown}
 k - 4 scrolls of acquirement {unknown}
 l - 2 scrolls of silence {unknown}
 m - 2 scrolls of amnesia {unknown}
 q - a scroll of poison {unknown}
 s - 2 scrolls of enchant weapon {unknown}
 y - a scroll of enchant armour
 A - a scroll of blinking
 D - a scroll of fog {unknown}
Potions
 i - 6 potions of curing
 o - 4 potions of ambrosia
 t - 2 potions of heal wounds {unknown}
 w - 2 potions of haste
 z - a potion of magic
 B - a potion of mutation {unknown}
 C - a potion of invisibility


   Skills:
 + Level 5.5 Fighting
 * Level 7.0 Short Blades
 - Level 2.4 Armour
 + Level 4.1 Stealth
 - Level 4.4 Shields
 + Level 2.6 Invocations


You had 7 spell levels left.
You didn't know any spells.
Your spell library contained the following spells:

 Spells                   Type           Power      Damage    Failure   Level
 Summon Small Mammal      Summ           0%         N/A       98%         1
 Manifold Assault         Tloc           0%         N/A       100%        4
 Dispersal                Tloc           0%         N/A       100%        6
 Disjunction              Tloc           0%         N/A       100%        8


Dungeon Overview and Level Annotations

Branches:
Dungeon (6/15)             Temple (1/1) D:5

Altars:
Ashenzari
Cheibriados
Elyvilon
Fedhas
Hepliaklqana
Kikubaaqudgha
Nemelex Xobeh
Okawaru
Qazlal
Sif Muna
Trog
Uskayaw
Xom
Yredelemnul
Zin


Innate Abilities, Weirdness & Mutations

You have razor-sharp teeth.
Your natural rate of healing is unusually fast.
When hurt, damage is shared between your health and your magic reserves.
Your bite disrupts and absorbs the magic of your enemies.
Potions cannot restore your health.


Message History

The ogre is lightly wounded.
The ogre hits you with a +0 giant spiked club!!
The sky beast flickers out of sight!
Deactivating autopickup; reactivate with Ctrl-A.
You hear a shout!
You hit the ogre.
The ogre is moderately wounded.
You barely miss the ogre.
The ogre is moderately wounded.
The ogre barely misses you.
An ogre comes into view. It is wielding a +0 giant club.
A sky beast appears from thin air!
Reactivating autopickup.
You hit the ogre but do no damage. You bite the ogre. You drain its power.
You feel invigorated.
The ogre is moderately wounded.
You hit the ogre but do no damage.
The ogre is moderately wounded.
The ogre hits you with a +0 giant spiked club!!
* * * LOW HITPOINT WARNING * * *
You completely miss the ogre.
The ogre is moderately wounded.
You hit the ogre. You bite the ogre. You drain its power.
You feel invigorated.
The ogre is severely wounded.
The ogre barely misses you.
You can now pass through a line of other dancers.
You hit the ogre. You bite the ogre.
You kill the ogre!
Uskayaw will force your foes to helplessly watch your dance.
Uskayaw prepares the audience for your solo!
Your Stealth skill increases to level 4!
The helpless sky beast fails to defend itself.
You skewer the sky beast like a kebab!!!
You kill the sky beast!
Uskayaw will force your foes to share their pain.
Your Short Blades skill increases to level 7!
The ogre is no longer paralysed.
The ogre hits you with a +0 giant club!!
Ouch! That really hurt!
You die...

.......#...#..#
.......#...#..#
.......#...#..#
.......#...#..#
.......#...'..#
.......##.###.# .#
###.....#.###.######..#
#.....#.......#.....+
#.....#.......@O....#
#.....#..##...##...##
#.....#..###### ..#
#....##†.# ..#
#....#...# .#
+....#...# # #[...'...#
#....#...# #....##..#


You could see an ogre.

Vanquished Creatures
  Eustachio (D:4)
  Duvessa (D:6)
  Pargi (D:4)
  A black bear (D:6)
  4 ogres
  A sky beast (D:6)
  A phantom (D:5)
  A bullfrog (D:6)
  A scorpion (D:2)
  Dowan (D:6)
  A howler monkey (D:4)
  A hound (D:6)
  A jelly (D:4)
  2 orc priests (D:5)
  Jessica (D:2)
  3 iguanas
  An orc wizard (D:4)
  3 gnolls (D:3)
  10 adders
  A white imp (D:6)
  An ufetubus (D:5)
  4 dart slugs
  15 orcs
  6 bats
  6 endoplasms
  5 giant cockroaches
  2 goblins
  10 hobgoblins
  6 jackals
  6 kobolds
  5 quokkas
  9 ball pythons
  2 frilled lizards
  2 rats
116 creatures vanquished.

Notes
Turn   | Place    | Note
-------+----------+-------------------------------------------
     0 | D:1      | Bnni the Vine Stalker Fighter began the quest for the Orb.
     0 | D:1      | Reached XP level 1. HP: 11/11 MP: 2/2
   137 | D:1      | Reached skill level 2 in Short Blades
   268 | D:1      | Reached XP level 2. HP: 16/16 MP: 3/3
   451 | D:1      | Reached XP level 3. HP: 15/20 MP: 2/4
   751 | D:1      | Found a faded altar of an unknown god.
   769 | D:1      | Got Plato's Elucidation of the Throng
   868 | D:2      | Noticed a scorpion
   882 | D:2      | HP: 1/20 [poisoned by a scorpion]
   882 | D:2      | Killed a scorpion
   883 | D:2      | Reached skill level 3 in Short Blades
   883 | D:2      | Gained mutation: Your natural rate of healing is unusually
                  | fast. [Vine Stalker growth]
   883 | D:2      | Reached XP level 4. HP: 1/24 MP: 2/5
   912 | D:2      | Found a bloodstained altar of Trog.
   977 | D:2      | Noticed Jessica
   998 | D:2      | Killed Jessica
   999 | D:2      | Reached XP level 5. HP: 28/28 MP: 4/6
  1177 | D:2      | Identified the +1 scale mail of the Wheelwright {Fly rF-
                  | rC- Regen+}
  1836 | D:3      | Reached skill level 4 in Short Blades
  1908 | D:3      | Reached XP level 6. HP: 33/33 MP: 7/7
  1957 | D:3      | Found a stormy altar of Qazlal.
  1958 | D:3      | Found a glowing silver altar of Zin.
  1958 | D:3      | Found a basalt altar of Yredelemnul.
  1959 | D:3      | Found a sparkling altar of Nemelex Xobeh.
  2604 | D:4      | Noticed Pargi
  2632 | D:4      | Killed Pargi
  3017 | D:4      | Noticed Eustachio
  3037 | D:4      | Killed Eustachio
  3038 | D:4      | Reached skill level 5 in Short Blades
  3038 | D:4      | Reached XP level 7. HP: 38/38 MP: 5/8
  3588 | D:5      | Entered Level 5 of the Dungeon
  3756 | D:5      | Reached skill level 1 in Stealth
  3869 | D:5      | Found a staircase to the Ecumenical Temple.
  3878 | Temple   | Entered the Ecumenical Temple
  3895 | Temple   | Became a worshipper of Uskayaw the Reveller
  3932 | D:5      | Reached * piety under Uskayaw
  4301 | D:5      | Reached ** piety under Uskayaw
  4309 | D:5      | Gained mutation: You have razor-sharp teeth. [Vine Stalker
                  | growth]
  4309 | D:5      | Reached XP level 8. HP: 40/42 MP: 7/9
  4437 | D:6      | Reached skill level 6 in Short Blades
  4437 | D:6      | Reached skill level 1 in Invocations
  4502 | D:6      | Reached *** piety under Uskayaw
  4503 | D:6      | Reached skill level 5 in Fighting
  4644 | D:6      | Noticed Duvessa
  4644 | D:6      | Noticed Dowan
  4704 | D:6      | Killed Duvessa
  4713 | D:6      | Killed Dowan
  4854 | D:6      | Reached **** piety under Uskayaw
  4855 | D:6      | Reached skill level 7 in Short Blades
  4855 | D:6      | Mangled by an ogre

Illustrated notes

Levels and vault maps discovered:
D:1:      beargit_arrival_diablo_church, layout_basic,
          shapermc_ecumenical_altar_rom_forum, corexii_item_surrounded_by_moat,
          minmay_tetromino_i4
D:2:      layout_loops_ring, basic_altar, uniq_jessica
D:3:      layout_basic, chequers_temple_overflow_statue_of_worship,
          minmay_misc_feat_pillars
D:4:      layout_gridville, uniq_eustachio, uniq_pargi
D:5:      layout_basic, minmay_temple_entry_ruins, dk_rats_in_the_wall
D:6:      layout_gridville, uniq_duvessa
Temple:   nicolae_temple_bog_church

Skill      XL: |  1  2  3  4  5  6  7  8 |
---------------+-------------------------+-----
Short Blades   | 2 3 4 5 7 |  7.0
Fighting       | 3 4 5 |  5.5
Shields        | 3 4 |  4.4
Stealth        | 2 4 |  4.1
Invocations    | 2 |  2.6
Armour         | |  2.4

Action                     |  1- 3 |  4- 6 |  7- 9 || total
---------------------------+-------+-------+-------++-------
  Melee: Dagger            |   120 |   229 |   288 ||   637
         Rapier            |    13 |       |       ||    13
         Bite              |    35 |    91 |   101 ||   227
  Throw: Dart              |     5 |    14 |    12 ||    31
         Throwing net      |       |     2 |     1 ||     3
  Evoke: Wand              |       |     1 |     1 ||     2
    Use: Potion            |       |     2 |       ||     2
         Scroll            |       |     1 |     6 ||     7
   Stab: Held in net/web   |       |     2 |       ||     2
         Paralysed         |       |       |     4 ||     4
 Armour: Scale mail        |    59 |    87 |    21 ||   167
         Chain mail        |       |       |    65 ||    65
  Dodge: Dodged            |    56 |    81 |    58 ||   195
  Block: Buckler           |    35 |    60 |    52 ||   147

Table legend: (Time is in decaauts)
 A = Elapsed time spent in this place.
 B = Non-inter-level travel time spent in this place.
 C = Inter-level travel time spent in this place.
 D = Time resting spent in this place.
 E = Time spent auto-exploring this place.
 F = Levels seen in this place.
 G = Mean time per level.
                   A        B        C        D        E       F      G
               +--------+--------+--------+--------+--------+-----+--------+
         Total |   4739 |   4501 |    238 |    105 |   3261 |   7 |  677.0 |
       Dungeon |   4707 |   4482 |    225 |    105 |   3256 |   6 |  784.5 |
        Temple |     31 |     18 |     13 |      0 |      5 |   1 |   31.0 |
               +--------+--------+--------+--------+--------+-----+--------+

Top non-repeatable levels by time:
     D:4: 1008 daAuts
     D:1: 941 daAuts
     D:3: 806 daAuts
     D:5: 769 daAuts
     D:2: 768 daAuts
     D:6: 413 daAuts
  Temple: 31 daAuts
